 Dungeon Crawl Stone Soup version 0.21-a0-405-gf2af9a1 (webtiles) character file.

10082 karf the Cleaver (level 11, -14/156 HPs)
             Began as a Minotaur Berserker on Nov 1, 2017.
             Was a High Priest of Trog.
             Shot with an arrow by a centaur warrior (17 damage)
             ... on level 10 of the Dungeon.
             The game lasted 00:19:59 (8616 turns).

karf the Cleaver (Minotaur Berserker)               Turns: 8616, Time: 00:20:00

Health: -14/156    AC: 16    Str: 27    XL:     11   Next: 31%
Magic:  0/10       EV:  9    Int:  4    God:    Trog [*****.]
Gold:   400        SH:  0    Dex: 13    Spells: 10/10 levels left

rFire    . . .     SeeInvis .   U - +4 battleaxe (flame)
rCold    . . .     Gourm    .   (shield currently unavailable)
rNeg     . . .     Faith    .   l - +0 plate armour
rPois    +         Spirit   +   (helmet restricted)
rElec    .         Reflect  .   P - scarf {Spirit}
rCorr    +         Harm     .   (no gloves)
MR       .....                  t - +0 pair of boots
Stlth    ..........             s - amulet of regeneration
HPRegen  0.76/turn              w - ring of poison resistance
MPRegen  0.12/turn              M - ring of resist corrosion

@: berserking, lethally poisoned (-14 -> -15), very quick
A: retaliatory headbutt, horns 2
a: Berserk, Trog's Hand, Brothers in Arms, Burn Spellbooks, Renounce Religion


You were on level 10 of the Dungeon.
You worshipped Trog.
Trog was extremely pleased with you.
You were very hungry.

You visited 1 branch of the dungeon, and saw 10 of its levels.
You also visited: Sewer.

You collected 400 gold pieces.

Inventory:

Hand Weapons
 U - a +4 battleaxe of flaming (weapon)
Armour
 l - a +0 plate armour (worn)
 t - a +0 pair of boots (worn)
 G - a +0 cloak
 I - the +1 ring mail of Watchfulness {rPois rF++ Int-2 Dex+3}
   (You found it on level 6 of the Dungeon)

   It affects your intelligence (-2).
   It affects your dexterity (+3).
   It greatly protects you from fire.
   It protects you from poison.
 P - a scarf of spirit shield (worn)
Jewellery
 s - an amulet of regeneration (around neck)
 w - a ring of poison resistance (left hand)
 C - a cursed ring of loudness {unknown}
 E - a +2 ring of dexterity
 J - an uncursed ring of fire
 M - a ring of resist corrosion (right hand)
 S - a cursed ring of teleportation {unknown}
Wands
 K - a wand of lightning (10/15)
 L - a wand of acid (12/15)
 O - a wand of lightning (7/15)
 R - a wand of flame (26/48)
Scrolls
 e - 3 scrolls of enchant weapon
 g - 3 scrolls of recharging
 h - a scroll of magic mapping
 i - 3 scrolls of fear
 j - 4 scrolls of teleportation
 n - 6 scrolls of identify
 p - 2 scrolls of noise {unknown}
 q - 8 scrolls of remove curse {unknown}
 y - a scroll of enchant armour {unknown}
 B - 4 scrolls of fog {unknown}
 D - a scroll of random uselessness {unknown}
 H - a scroll of amnesia {unknown}
 Q - a scroll of blinking {unknown}
Potions
 a - a potion of lignification {unknown}
 d - a potion of magic
 k - 10 potions of curing
 m - 6 potions of brilliance
 o - a potion of flight {unknown}
 r - a potion of haste {unknown}
 v - 9 potions of heal wounds
 x - 4 potions of might
 z - 2 potions of agility
 A - a potion of experience {unknown}
 F - a potion of mutation {unknown}
 N - a potion of invisibility {unknown}
 T - a potion of berserk rage {unknown}
Comestibles
 b - 7 royal jellies
 c - 9 bread rations
 f - 5 meat rations


   Skills:
 + Level 11.6 Fighting
 + Level 14.0 Axes
 + Level 11.4 Armour
 - Level 2.1 Dodging


You had 10 spell levels left.
You didn't know any spells.

Dungeon Overview and Level Annotations

Branches:
Dungeon (10/15)            Temple (0/1) D:5            Lair (0/6) D:9
    Orc (0/2) D:9

Altars:
Dithmenos
Fedhas
Gozag
Kikubaaqudgha
Nemelex Xobeh
Ru
Vehumet
Yredelemnul
Zin
The Shining One

Shops:
D:8 *

Annotations:
D:8 4 runed doors


Innate Abilities, Weirdness & Mutations

You reflexively headbutt those who attack you in melee.
You have a pair of horns on your head.


Message History

The orc warrior hits you with a trident!
* * * LOW HITPOINT WARNING * * *
A red film seems to cover your vision as you go berserk!
You feel yourself moving faster!
You feel mighty!
You are feeling very hungry.
The orc warrior hits you with a trident!
* * * LOW HITPOINT WARNING * * *
A centaur warrior comes into view.
You closely miss the orc warrior.
The centaur warrior shouts!
You hear a shout!
Something shouts, "Bolt, thou venomed full-gorged walking sirloin!"
The centaur warrior wields a longbow.
The centaur warrior shoots an arrow.
The arrow hits you.
* * * LOW HITPOINT WARNING * * *
You slice the orc warrior!! You burn the orc warrior.
The orc warrior is almost dead.
The orc warrior hits you with a trident.
* * * LOW HITPOINT WARNING * * *
The centaur warrior shoots an arrow.
The arrow hits you!
You die...

#. #. #.#######
#.+.....+
############.#.....#..
..[...................
...............##
..............#.####
..............##@..#
...............#.o.T5...
...............#..#..[..
####'#####.....##.. ####
...^.....#......#..#
.........#.###..#..#
.........#.###†.#..#
........##.##..##.c#
........#..##..#


You could see a centaur warrior, a troll, an orc warrior and a crimson imp.

Vanquished Creatures
  Erica (D:9)
  2 two-headed ogres
  The ghost of anet the Thaumaturge, a journeyman DEWz of Ashenzari (D:9)
  Pikel (D:7)
  A komodo dragon (D:9)
  Prince Ribbit (D:6)
  A hippogriff (D:8)
  A wraith (D:9)
  The ghost of zodiak12 the Skirmisher, an amateur HOFi (Sewer)
  A yak (D:9)
  A human (D:9)
  3 hogs (D:9)
  Menkaure (D:6)
  2 wargs (D:9)
  Edmund (D:6)
  A soldier ant (D:8)
  4 orc warriors
  3 sky beasts
  An ice beast (D:7)
  2 black bears
  A necrophage (D:9)
  A phantom (D:5)
  3 ogres
  2 centaurs
  5 bullfrogs
  A big kobold (D:7)
  3 elf zombies (D:9)
  A gnoll sergeant (D:8)
  4 scorpions
  7 killer bees
  10 wights
  4 howler monkeys
  4 crimson imps
  2 bullfrog zombies
  A centaur zombie (D:8)
  3 hounds
  2 jellies
  2 bullfrog skeletons (D:4)
  3 human zombies (D:9)
  2 orc priests
  5 orc wizards
  A human skeleton (D:9)
  Jessica (D:2)
  3 centaur skeletons
  Terence (D:2)
  3 iguanas
  2 worker ants
  A killer bee zombie (D:7)
  A hound zombie (D:6)
  3 hound skeletons
  A mummy (D:9)
  9 adders
  11 gnolls
  6 river rats (Sewer)
  2 shadow imps
  2 oozes
  An adder skeleton (D:7)
  4 worms
  2 dart slugs
  8 leopard geckos
  21 orcs
  5 ball pythons (Sewer)
  8 giant cockroaches
  5 goblins
  7 hobgoblins
  3 jackals (D:4)
  7 quokkas
  5 bats
  6 frilled lizards
  27 kobolds
  2 leopard gecko skeletons
  2 orc zombies (D:9)
  25 rats
281 creatures vanquished.

Vanquished Creatures (others)
  5 plants (D:9)
5 creatures vanquished.

Grand Total: 286 creatures vanquished

Notes
Turn   | Place    | Note
-------+----------+-------------------------------------------
     0 | D:1      | karf the Minotaur Berserker began the quest for the Orb.
     0 | D:1      | Reached XP level 1. HP: 19/19 MP: 0/0
   282 | D:1      | Reached skill level 4 in Axes
   282 | D:1      | Reached XP level 2. HP: 27/27 MP: 1/1
   754 | D:2      | Reached XP level 3. HP: 19/33 MP: 2/2
  1151 | D:2      | Reached ** piety under Trog
  1237 | D:2      | Noticed an ogre
  1242 | D:2      | Killed an ogre
  1242 | D:2      | Reached skill level 5 in Axes
  1242 | D:2      | Reached XP level 4. HP: 41/41 MP: 3/3
  1582 | D:2      | Noticed Jessica
  1585 | D:2      | Reached XP level 5. HP: 47/47 MP: 4/4
  1606 | D:2      | Killed Jessica
  1727 | D:2      | Noticed Terence
  1741 | D:2      | Killed Terence
  1743 | D:2      | Reached skill level 6 in Axes
  1929 | D:3      | Reached skill level 5 in Fighting
  2032 | D:3      | Reached XP level 6. HP: 38/56 MP: 5/5
  2168 | D:3      | Found a basalt altar of Yredelemnul.
  2215 | D:3      | Found a blossoming altar of Fedhas.
  2268 | D:3      | Found a glowing drain.
  2277 | Sewer    | Entered a sewer
  2327 | Sewer    | Noticed zodiak12's ghost (amateur HOFi)
  2341 | Sewer    | Killed zodiak12's ghost
  2523 | Sewer    | Reached skill level 7 in Axes
  2541 | Sewer    | Reached *** piety under Trog
  2621 | Sewer    | Reached XP level 7. HP: 53/62 MP: 6/6
  2624 | Sewer    | Reached skill level 5 in Armour
  3633 | D:4      | Reached **** piety under Trog
  3930 | D:4      | Reached skill level 8 in Axes
  4114 | D:5      | Entered Level 5 of the Dungeon
  4115 | D:5      | Found a staircase to the Ecumenical Temple.
  4186 | D:5      | Found a sacrificial altar of Ru.
  4373 | D:5      | Found a sparkling altar of Nemelex Xobeh.
  4561 | D:5      | Reached XP level 8. HP: 66/71 MP: 7/7
  4712 | D:6      | Reached skill level 9 in Axes
  4782 | D:6      | Noticed Edmund
  4793 | D:6      | Killed Edmund
  4876 | D:6      | Noticed Prince Ribbit
  4888 | D:6      | Reached skill level 10 in Axes
  4895 | D:6      | Killed Prince Ribbit
  4948 | D:6      | Noticed Menkaure
  4956 | D:6      | Killed Menkaure
  4956 | D:6      | Reached XP level 9. HP: 34/81 MP: 8/8
  5052 | D:6      | Got a warped ring mail
  5071 | D:6      | Identified the +1 ring mail of Watchfulness {rPois rF++ Int-2 Dex+3} (You found it on level 6 of the Dungeon)
  5183 | D:6      | You fall through a shaft for 3 floors!
  5190 | D:9      | Reached skill level 11 in Axes
  5190 | D:9      | HP: 3/81 [hog (7)]
  5190 | D:9      | HP: 1/81 [human/hand axe (2)]
  5410 | D:8      | Found Taop's Assorted Antiques.
  5431 | D:8      | Reached ***** piety under Trog
  5610 | D:8      | Reached skill level 12 in Axes
  5857 | D:8      | Found a huge runed gate.
  5857 | D:8      | Noticed a polar bear
  5857 | D:8      | Noticed a manticore
  5858 | D:8      | Found a huge runed gate.
  5858 | D:8      | Found a huge runed gate.
  5858 | D:8      | Found a huge runed gate.
  5858 | D:8      | Noticed a polar bear
  5858 | D:8      | Noticed a polar bear
  5859 | D:8      | Noticed a death yak
  5860 | D:8      | Noticed a polar bear
  5863 | D:8      | Noticed a polar bear
  5930 | D:8      | Reached XP level 10. HP: 76/91 MP: 9/9
  6586 | D:7      | Noticed Pikel
  6591 | D:7      | Killed Pikel
  6735 | D:7      | Reached skill level 10 in Fighting
  6973 | D:7      | Found a faded altar of an unknown god.
  6973 | D:7      | Found a faded altar of an unknown god.
  6980 | D:7      | Found a shadowy altar of Dithmenos.
  6982 | D:7      | Found a glowing silver altar of Zin.
  6984 | D:7      | Found an opulent altar of Gozag.
  7207 | D:9      | Noticed Erica
  7208 | D:9      | Noticed a two-headed ogre
  7215 | D:9      | Killed Erica
  7215 | D:9      | Reached skill level 13 in Axes
  7215 | D:9      | Reached skill level 10 in Armour
  7216 | D:9      | Killed a two-headed ogre
  7292 | D:9      | Noticed anet's ghost (journeyman DEWz)
  7302 | D:9      | Killed anet's ghost
  7348 | D:9      | Reached XP level 11. HP: 89/102 MP: 10/10
  7426 | D:9      | Found a radiant altar of Vehumet.
  7501 | D:9      | Found a staircase to the Orcish Mines.
  7918 | D:9      | Found a staircase to the Lair.
  7933 | D:9      | Found an ancient bone altar of Kikubaaqudgha.
  7972 | D:9      | Received a gift from Trog
  8514 | D:10     | Entered Level 10 of the Dungeon
  8540 | D:10     | Found a glowing golden altar of the Shining One.
  8591 | D:10     | Noticed a two-headed ogre
  8597 | D:10     | Killed a two-headed ogre
  8599 | D:10     | Reached skill level 14 in Axes
  8615 | D:10     | Noticed a centaur warrior
  8615 | D:10     | HP: 7/156 [centaur warrior/arrow (5)]
  8616 | D:10     | HP: 3/156 [orc warrior/trident (5)]
  8616 | D:10     | Shot with an arrow by a centaur warrior

Vault maps used:
D:1:      shiori_arrival_maze, minmay_pentomino_s2
D:2:      grunt_ministairs_15, serial_bayou_lagoon_a, uniq_jessica, uniq_terence
D:3:      minmay_wonky_spiral, lemuel_coloured_pillars_altar,
          yredelemnul_altar_generic, gup_sewer_entry_pipe
D:4:      first_bread
D:5:      temple_fountains, basic_altar, nemelex_spade_bored_becter
D:6:      kennysheep_generic_room_4, uniq_crazy_yiuf_cottage, uniq_edmund,
          uniq_prince_ribbit1, uniq_menkaure
D:7:      chequers_temple_overflow_minitemple, uniq_pikel
D:8:      lemuel_bear_cage, serial_shops, shop_statue
D:9:      lemuel_crystal_altar, david_lair_shrubbed, david_orc_1_choice,
          grunt_livestock, lemuel_mausoleum_altar_kikubaaqudgha, uniq_erica
D:10:     basic_altar, minmay_pinched_square, uniq_snorg
Sewer:    sewer_minmay_treatment

Skill      XL: |  1  2  3  4  5  6  7  8  9 10 11 |
---------------+----------------------------------+-----
Axes           | 4 5 6 7 8 10 12 13 14 | 14.0
Fighting       | 4 5 6 7 9 11 | 11.6
Armour         | 3 4 6 7 9 10 11 | 11.4
Dodging        | |  2.1

Action                   |  1- 3 |  4- 6 |  7- 9 | 10-12 || total
-------------------------+-------+-------+-------+-------++-------
Melee: Hand axe          |    77 |    76 |       |       ||   153
       Headbutt          |    15 |    23 |    40 |    58 ||   136
       War axe           |       |    66 |   194 |       ||   260
       Battleaxe         |       |       |    77 |   256 ||   333
Invok: Berserk           |     1 |     1 |     3 |     2 ||     7
       Burn Spellbooks   |       |       |       |     1 ||     1
       Trog's Hand       |       |       |       |     1 ||     1
  Use: Scroll            |       |       |     6 |     4 ||    10
       Potion            |       |       |     1 |       ||     1
  Eat: Chunk             |     1 |     7 |    13 |    10 ||    31
Armor: Ring mail         |    15 |       |    35 |       ||    50
       Plate armour      |    20 |   103 |   125 |   141 ||   389
Dodge: Dodged            |    24 |    52 |   148 |    81 ||   305

Table legend:
 A = Spawn XP
 B = Non-spawn XP
 C = Spawn XP percentage of total XP
 D = Spawn monster count
 E = Non-spawn monster count
 F = Spawn count percentage of total count
 G = Total turns spent on level
                    A         B        C        D         E        F      G
               +---------+---------+-------+---------+---------+-------+---------
         Total |       0 |   14404 |   0.0 |       0 |     281 |   0.0 |  8616
               +---------+---------+-------+---------+---------+-------+---------
           D:1 |       0 |      33 |   0.0 |       0 |      17 |   0.0 |   746
           D:2 |       0 |     269 |   0.0 |       0 |      21 |   0.0 |  1169
           D:3 |       0 |     160 |   0.0 |       0 |      26 |   0.0 |   858
           D:4 |       0 |     310 |   0.0 |       0 |      23 |   0.0 |   662
           D:5 |       0 |     367 |   0.0 |       0 |       7 |   0.0 |   580
           D:6 |       0 |    1512 |   0.0 |       0 |      24 |   0.0 |   489
           D:7 |       0 |    1992 |   0.0 |       0 |      28 |   0.0 |   625
           D:8 |       0 |    1755 |   0.0 |       0 |      31 |   0.0 |  1183
           D:9 |       0 |    6160 |   0.0 |       0 |      46 |   0.0 |  1523
          D:10 |       0 |    1483 |   0.0 |       0 |       9 |   0.0 |   102
         Sewer |       0 |     363 |   0.0 |       0 |      49 |   0.0 |   679
               +---------+---------+-------+---------+---------+-------+---------
